 Dungeon Crawl Stone Soup version 0.27-a0-46-g34d46f0a3f (webtiles) character file.

Game seed: 15792068300387612918

48 Borgoz the Slasher (level 3, -2/33 HPs)
             Began as a Hill Orc Monk on Jan 6, 2021.
             Slain by Natasha (8 damage)
             ... on level 2 of the Dungeon.
             The game lasted 00:00:56 (1194 turns).

Borgoz the Slasher (Hill Orc Monk)                  Turns: 1194, Time: 00:00:57

Health: -2/33      AC:  2    Str: 14    XL:     3   Next: 72%
Magic:  3/3        EV: 13    Int: 10    God:
Gold:   76         SH:  0    Dex: 13    Spells: 2/2 levels left

rFire    . . .     SeeInvis .   a - +0 falchion
rCold    . . .     Faith    .   (no shield)
rNeg     . . .     Spirit   .   b - +0 robe
rPois    .         Reflect  .   (no helmet)
rElec    .         Harm     .   (no cloak)
rCorr    .         Rampage  .   (no gloves)
Will     .....                  (no boots)
Stlth    ++........             (no amulet)
HPRegen  0.11/turn              (no ring)
MPRegen  0.08/turn              (no ring)

@: no status effects
A: no striking features
a: no special abilities


You were on level 2 of the Dungeon.
You visited 1 branch of the dungeon, and saw 2 of its levels.

You collected 76 gold pieces.

Inventory:

Hand Weapons
 a - a +0 falchion (weapon)
Armour
 b - a +0 robe (worn)
Jewellery
 i - an uncursed ring of willpower {unknown}
Scrolls
 c - a scroll of identify {unknown}
 e - a scroll of blinking {unknown}
 g - a scroll of remove curse {unknown}
 j - a scroll of magic mapping {unknown}
 k - a scroll of fear {unknown}
Potions
 d - a potion of lignification {unknown}
 f - a potion of degeneration {unknown}
 h - a potion of haste {unknown}
 m - a potion of resistance {unknown}


   Skills:
 + Level 4.0 Fighting
 * Level 4.1 Long Blades
 + Level 1.2 Armour
 + Level 2.7 Dodging
 - Level 1.5 Stealth


You had 2 spell levels left.
You didn't know any spells.
Your spell library was empty.

Dungeon Overview and Level Annotations

Branches:
Dungeon (2/15)

Altars:
Uskayaw

Annotations:
D:2 Natasha


Message History

Natasha is lightly wounded.
You slash Natasha!
Natasha is severely wounded.
Natasha barely misses you. Natasha closely misses you.
You hit Natasha.
Natasha is almost dead.
Natasha casts a spell at you. The magic dart hits you!
* * * LOW HITPOINT WARNING * * *
You closely miss Natasha.
Natasha is almost dead.
Natasha barely misses you.
You barely miss Natasha.
Natasha is almost dead.
Natasha misses you.
You riposte.
You barely miss Natasha.
Natasha is almost dead.
You hit Natasha but do no damage.
Natasha is almost dead.
Natasha claws you!
You die...

#############
............#
###########.#
#.#########.#
#..†..@h$...#
#############


You could see Natasha.

Vanquished Creatures
  An adder (D:2)
  A dart slug (D:1)
  2 leopard geckos
  5 goblins
  2 hobgoblins
  4 jackals (D:2)
  4 kobolds
  A quokka (D:2)
  7 bats
  3 frilled lizards (D:1)
  3 rats
33 creatures vanquished.

Notes
Turn   | Place    | Note
-------+----------+-------------------------------------------
     0 | D:1      | Borgoz the Hill Orc Monk began the quest for the Orb.
     0 | D:1      | Reached XP level 1. HP: 19/19 MP: 1/1
   205 | D:1      | Reached XP level 2. HP: 24/27 MP: 2/2
   343 | D:1      | You fall into a shaft and drop 1 floor!
   343 | D:2      | Found a hide-covered altar of Uskayaw.
   515 | D:1      | Reached skill level 1 in Armour
   563 | D:1      | Reached XP level 3. HP: 29/33 MP: 3/3
  1179 | D:2      | Noticed Natasha
  1194 | D:2      | Slain by Natasha

Illustrated notes

Levels and vault maps discovered:
D:1:      dpeg_arrival_three_same_balls, layout_basic
D:2:      layout_basic, cheibriados_altar_1, lemuel_crystal_altar, uniq_natasha,
          uniq_terence, uniq_robin

Skill      XL: |  1  2  3 |
---------------+----------+-----
Armour         | 1 |  1.2
Fighting       | 4 |  4.0
Long Blades    | 4 |  4.1
Dodging        | |  2.7
Stealth        | |  1.5

Action                   || total
-------------------------++-------
Melee: Falchion          ||   105
  Use: Potion            ||     1
 Stab: Sleeping          ||     5
Armor: Robe              ||    16
Dodge: Dodged            ||    84
       Rpst.: Falchion   ||    26

Table legend: (Time is in decaauts)
 A = Elapsed time spent in this place.
 B = Non-inter-level travel time spent in this place.
 C = Inter-level travel time spent in this place.
 D = Time resting spent in this place.
 E = Time spent auto-exploring this place.
 F = Levels seen in this place.
 G = Mean time per level.
                   A        B        C        D        E       F      G
               +--------+--------+--------+--------+--------+-----+--------+
         Total |   1206 |   1175 |     31 |      0 |    956 |   2 |  603.0 |
       Dungeon |   1206 |   1175 |     31 |      0 |    956 |   2 |  603.0 |
               +--------+--------+--------+--------+--------+-----+--------+

Top non-repeatable levels by time:
     D:1: 888 daAuts
     D:2: 317 daAuts
